 Dungeon Crawl Stone Soup version 0.27.1-1-g398f81649c (webtiles) character file.

Game seed: 11514416776825506171

3 Elvor the Sneak (level 1, 0/14 HPs)
             Began as a Gargoyle Delver on Sept 10, 2021.
             Slain by a hobgoblin (2 damage)
             ... on level 4 of the Dungeon.
             The game lasted 00:01:55 (211 turns).

Elvor the Sneak (Gargoyle Delver)                    Turns: 211, Time: 00:01:56

Health: 0/14       AC:  5    Str: 15    XL:     1   Next: 50%
Magic:  1/1        EV: 11    Int: 10    God:
Gold:   0          SH:  0    Dex: 11    Spells: 0/0 levels left

rFire    . . .     SeeInvis .   a - +0 mace
rCold    . . .     Faith    .   (no shield)
rNeg     + . .     Spirit   .   b - +0 leather armour
rPois    ∞         Reflect  .   (no helmet)
rElec    +         Harm     .   (no cloak)
rCorr    .         Rampage  .   (no gloves)
Will     .....                  (no boots)
Stlth    +++.......             (no amulet)
HPRegen  0.04/turn              (no ring)
MPRegen  0.07/turn              (no ring)

@: no status effects
A: sickness immunity, AC +2, negative energy resistance 1, electricity
resistance, torment resistance 1, petrification resistance
a: no special abilities


You were on level 4 of the Dungeon.
You visited 1 branch of the dungeon, and saw 2 of its levels.

Inventory:

Hand Weapons
 a - a +0 mace (weapon)
 h - a +0 hunting sling
Missiles
 i - 6 poisoned darts (quivered)
Armour
 b - a +0 leather armour (worn)
Wands
 g - a wand of digging (3)
Scrolls
 c - a scroll of fog
 d - a scroll of magic mapping
 e - a scroll of fear
Potions
 f - a potion of haste


   Skills:
 + Level 3.4 Fighting
 + Level 2.1 Maces & Flails
 + Level 1.5 Dodging
 + Level 5.4 Stealth


You couldn't memorise any spells.
You didn't know any spells.
Your spell library was empty.

Dungeon Overview and Level Annotations

Branches:
Dungeon (5/15)
 Temple: D:4-7

Altars:
Elyvilon


Innate Abilities, Weirdness & Mutations

You are immune to sickness and miasma.
Your stone body is resilient. (AC +2)
You are immune to poison.
You resist negative energy. (rN+)
You are resistant to electric shocks. (rElec)
You are resistant to unholy torment.
You are immune to petrification.


Message History

The orc misses you.
Throw: 8 darts (poison)
Press: ? - help, Q - select action Shift-Dir - straight line, f/p - orc
Aim: an orc, wielding a +0 short sword and wearing a +0 leather armour (severely wounded, 56% to hit)
You throw a poisoned dart. The poisoned dart hits the orc.
The orc is severely wounded.
The orc hits you with a +0 short sword.
You hit the orc.
You kill the orc!
The orc hits you with a +3 whip.
* * * LOW HITPOINT WARNING * * *
You barely miss the orc. The orc misses you.
Throw: 7 darts (poison)
Press: ? - help, Q - select action Shift-Dir - straight line, f - orc
Aim: an orc, wielding a +3 whip and wearing a +0 leather armour (56% to hit)
You throw a poisoned dart.
The poisoned dart closely misses the orc.
The orc hits you with a +3 whip.
* * * LOW HITPOINT WARNING * * *
Found a stone staircase leading down.
You open the door. The orc closely misses you.
Found a white marble altar of Elyvilon.
There is an open door here.
You open the door. The orc closely misses you.
There is an open door here.
A hobgoblin comes into view.
A hobgoblin comes into view.
Found a stone staircase leading up.
The hobgoblin shouts!
Found a fizzy blue potion.
The hobgoblin closely misses you.
Found a dagger.
The hobgoblin hits you but does no damage.
Found 18 stones.
The hobgoblin barely misses you.
A howler monkey skeleton comes into view.
The howler monkey skeleton moves out of view.
The hobgoblin hits you but does no damage.
There is a stone staircase leading up here.
The hobgoblin hits you.
You die...

......................≈§
.............#..........
........................
................#.......
........................
..(..........####.......
......!.oo...# #........
.......gg....# #........
.......@....## #.#......
....)#......... #.....
.... #.#####.... .##.
... .. .... .. #.# ....
. #. .. #. ..


You could see 2 orcs and 2 hobgoblins.

Vanquished Creatures
  An orc (D:4)
  A kobold (D:4)
2 creatures vanquished.

Notes
Turn   | Place    | Note
-------+----------+-------------------------------------------
     0 | D:5      | Elvor the Gargoyle Delver began the quest for the Orb.
     0 | D:5      | Reached XP level 1. HP: 14/14 MP: 1/1
   188 | D:4      | Found a white marble altar of Elyvilon.
   211 | D:4      | Slain by a hobgoblin

Illustrated notes

Levels and vault maps discovered:
D:4:      layout_rooms, mainiacjoe_overflow_chevrons, kennysheep_mini_moat,
          jmf_multi_god_temple, serial_shops, shop
D:5:      minmay_thinvault, layout_basic, minmay_temple_entry_enclosed_plants

Action                   || total
-------------------------++-------
Melee: Mace              ||     8
Throw: Dart              ||     4
Armor: Leather armour    ||     5
Dodge: Dodged            ||     8
